[Event "Charlotte Summer IM C 2022"]
[Site "Charlotte"]
[Date "2022.07.25"]
[Round "1.1"]
[White "Venkat, Raghav"]
[Black "Huston, Gus"]
[Result "0-1"]
[ECO "C50"]
[WhiteElo "2227"]
[BlackElo "2282"]
[Annotator "TA"]
[PlyCount "70"]
[EventDate "2022.07.24"]
[EventType "tourn"]
[EventCountry "USA"]
[SourceTitle "playchess.com"]
[Source "ChessBase"]
[SourceQuality "1"]
[TimeControl "5400+30"]

1. e4 e5 2. Nf3 Nc6 3. Bc4 Bc5 4. O-O Nf6 5. d4 Bxd4 6. Nxd4 Nxd4 7. Bg5 h6 8. Bh4 {[%emt 0:02:06] C50: Hungarian Defence and Giuoco Pianissimo.} Qe7 9. Nc3 {[%emt 0:05:15] Black must now prevent Nd5.} g5 10. Bg3 {[%emt 0:00:11][%cal Of2f4] Black is slightly better.} d6 11. f4 {[%emt 0:01:53] [#]} gxf4 $146 ({Predecessor:} 11... Bd7 12. fxe5 dxe5 13. Bxf7+ Qxf7 14. Bxe5 Ne6 15. Bxf6 O-O 16. Nd5 Qe8 17. Be5 Rxf1+ 18. Qxf1 Qd8 19. Nf6+ Kf7 20. Nxd7+ Nf4 21. Bxf4 Qxd7 {1-0 (21) Rosenhain,R (1757)-Delere,A (1590) Forchheim 2014}) 12. Bh4 {[%emt 0:03:19] [#]} (12. Bxf4 $11 {remains equal.} Rg8 13. Bg3 (13. Bxh6 Bh3 $17)) 12... Be6 (12... Rg8 $1 $17 {Threatens to win with ...Bh3.} 13. Nd5 Nxd5 14. Bxe7 Ne3) 13. Rxf4 $1 $11 exf4 14. Qxd4 Bxc4 15. Bxf6 (15. Qxc4 $11 {keeps the balance.} Qe5 16. Qb5+ Qxb5 17. Nxb5 Nxe4 18. Nxc7+ Kd7 19. Nxa8) 15... c5 $17 {[%emt 0:00:25] White is on the road to losing.} 16. Nd5 {[%emt 0:22:19] [#]} (16. Qxc4 $2 Qxf6 17. Qd3 (17. Qb5+ $2 Kf8 $19) 17... O-O-O $19) (16. Bxe7 $142 cxd4 17. Bf6) 16... Bxd5 $1 17. Qc3 {[%emt 0:00:04] [#]} Qxe4 18. Re1 {[%emt 0:00:17] [#]} Rg8 $1 19. Rxe4+ Bxe4 20. g3 (20. Qc4 $17 {was called for.} Bxg2 21. Kf2) 20... fxg3 $19 21. hxg3 Kd7 22. Qb3 Raf8 23. Qa4+ Bc6 24. Qf4 Rg6 25. Qf5+ (25. b4 $142 cxb4 26. Kf2) 25... Kc7 26. Kf2 Re8 {[%emt 0:00:00] Inhibits Be7. Strongly threatening ...Bb5.} 27. Bc3 (27. Qf4 $142) 27... Re7 28. Bf6 Re8 29. Bc3 Rge6 30. Qxf7+ R8e7 31. Qh5 Re3 32. Bf6 R7e6 {[%emt 0:03:30] And now ...Rf3+ would win.} 33. Qf7+ Kb6 {[%emt 0:00:00] ( -> ...Re2+)} 34. Bd8+ Ka6 35. Qc7 Re2+ {[%emt 0:00:00] Weighted Error Value: White=0.43/Black=0.51} 0-1

[Event "Charlotte Summer IM C 2022"]
[Site "Charlotte"]
[Date "2022.07.25"]
[Round "1.2"]
[White "Rodrigue-Lemieux, Shawn"]
[Black "Wen, Tommy"]
[Result "1-0"]
[ECO "A11"]
[WhiteElo "2366"]
[BlackElo "2040"]
[Annotator "TA"]
[PlyCount "95"]
[EventDate "2022.07.24"]
[EventType "tourn"]
[EventCountry "USA"]
[SourceTitle "playchess.com"]
[Source "ChessBase"]
[SourceQuality "1"]
[TimeControl "5400+30"]

1. c4 c6 2. Nf3 Nf6 3. g3 d5 4. Bg2 dxc4 5. O-O Nbd7 6. Na3 Nb6 7. Qc2 Be6 {[%emt 0:00:46] A11: English Opening: 1...c6.} 8. Ng5 Bg4 9. f3 ({White should play} 9. Nxc4 $11 Bxe2 10. Ne5) 9... Bh5 {[%emt 0:11:28] Black is slightly better.} (9... e6 {is more complex.} 10. Nxf7 Kxf7 11. fxg4 Bxa3 12. bxa3 Qd4+) 10. Nxc4 Qd4+ 11. Ne3 e6 12. Kh1 {[%emt 0:12:33] [#]} Qc5 $146 ({Predecessor:} 12... Be7 13. d3 Nfd5 14. Nd1 O-O 15. a3 Bg6 16. Ne4 Nd7 17. Rb1 a5 18. b3 Qb6 {1-0 (64) Howell,D (2663)-Lupulescu,C (2626) Jerusalem 2015}) 13. Nh3 Nfd5 14. Qxc5 Bxc5 15. Nc2 Nb4 16. Nxb4 Bxb4 17. d4 Rd8 18. Be3 Nc4 19. Bf2 Nxb2 20. Rfc1 {[%emt 0:00:16] Against Nc4} Bg6 {[%emt 0:09:00] And now ...Bd2 would win.} 21. Nf4 Na4 $1 22. Nxg6 hxg6 23. Rc4 a5 24. a3 $1 Nb6 25. Rc2 Bd6 26. Rb1 (26. Rb2 $5 Nc4 27. Rxb7 $11) 26... Nd5 27. Rxb7 Bxa3 28. Rxc6 O-O 29. Ra6 Rb8 30. Rxb8 Rxb8 31. Bf1 ({Much worse is} 31. Rxa5 Rb1+ 32. Bg1 Bc1 $17) 31... Rb1 32. Kg2 Bc1 33. Rxa5 Ne3+ 34. Bxe3 Bxe3 $14 {[%emt 0:00:10][%mdl 4096] Endgame KRB-KRB} 35. d5 exd5 36. Rxd5 g5 37. Rd3 Bb6 38. Rd7 Be3 39. Rd8+ Kh7 40. Rd3 Bc5 41. Rd7 f5 (41... f6 $11 {keeps the balance.}) 42. Rd5 $16 Be3 43. Rxf5 Kg6 44. Re5 Bd4 45. Re6+ {[%emt 0:01:08] White is clearly better.} Kf7 46. Re4 Bb6 47. e3 Kf8 48. Re6 {[%emt 0:00:00] Weighted Error Value: White=0.05 (flawless) /Black=0.11 (very precise)} 1-0

[Event "Charlotte Summer IM C 2022"]
[Site "Charlotte"]
[Date "2022.07.25"]
[Round "1.3"]
[White "Luo, Terry"]
[Black "Rodriguez Rivera, Pedro"]
[Result "1-0"]
[ECO "D00"]
[WhiteElo "2204"]
[BlackElo "2192"]
[Annotator "TA"]
[PlyCount "87"]
[EventDate "2022.07.24"]
[EventType "tourn"]
[EventCountry "USA"]
[SourceTitle "playchess.com"]
[Source "ChessBase"]
[SourceQuality "1"]
[TimeControl "5400+30"]

1. d4 Nf6 2. Nc3 d5 3. Bf4 Bf5 4. Nb5 Na6 5. e3 c6 6. Nc3 {[%emt 0:00:07] D00: 1 d4 d5: Unusual lines.} Nb4 7. Rc1 Qa5 8. Qd2 $1 {[%emt 0:00:09] [#] The position is equal.} e6 $146 ({Predecessor:} 8... e5 9. Bxe5 O-O-O 10. a3 Na6 11. Bd3 Bxd3 12. Bxf6 gxf6 13. Qxd3 Nc7 14. Qf5+ Kb8 {1-0 (40) Heyder,F (2174)-Kayser,F (2149) Germany 2018}) 9. a3 Na6 10. Nf3 h6 11. Bd3 Bxd3 12. cxd3 Rc8 (12... Nh5 $11 {is more appropriate.}) 13. O-O $14 Qd8 14. e4 Be7 15. Rfe1 Nc7 16. h3 a6 17. e5 {[%emt 0:04:30] White is more active.} Nd7 18. Ne2 Nb5 19. Ng3 (19. a4 $5 Nc7 20. b4 $11) 19... Qb6 20. Be3 Na7 21. Nh5 Kf8 22. Nh2 Qd8 23. Rf1 c5 24. dxc5 Nxc5 (24... Bxc5 $14 25. Bxc5+ Nxc5) 25. b4 $16 d4 (25... Nb3 $16 {was called for.} 26. Rxc8 Qxc8) 26. bxc5 $18 dxe3 27. Qxe3 Nc6 28. Nf3 {[%emt 0:00:25] Inhibits Nd4.} ({White should play} 28. Rfd1 $18) 28... Bg5 $16 29. Nf4 Bxf4 30. Qxf4 Qd5 (30... Qxd3 $142 31. Rfd1 Qf5 32. Qxf5 exf5) 31. d4 Ke7 32. Rb1 Rc7 33. Qg4 Rg8 (33... Kf8 $16 {might work better.} 34. Rb6 g6) 34. Rb6 $18 Kd7 (34... Kd8 $16 35. Rfb1 Kc8) 35. Nd2 $1 {[%emt 0:01:34][%cal Bf3d2,Bd2e4,Be4d6][%mdl 32] And now Rfb1 would win.} Kc8 {[%emt 0:00:58] [#]} (35... Qxd4 $2 36. Rxc6 $1 Qxg4 37. Rxc7+ Kxc7 38. hxg4 $18) 36. Ne4 $1 {[%emt 0:00:15] Strongly threatening Nd6+.} Kb8 37. Nd6 {[%emt 0:00:22] Rfb1 is the strong threat.} Qxd4 $2 (37... Ka8 38. Rd1 Ne7) 38. Qxd4 $2 (38. Qe2 {White threatens Qxa6 and mate.} Qa4 39. Rfb1) 38... Nxd4 39. Rfb1 $1 Nb5 (39... Ka8 $142 40. Nxb7 Ka7) 40. a4 ({Not} 40. Nxb5 axb5 41. R6xb5 (41. R1xb5 Ka7 $14) 41... Ka8 $16) 40... Nxd6 41. exd6 {[%emt 0:00:14] Threatens to win with c6.} ({Don't take} 41. cxd6 $6 Rd7 42. Rxa6 Rc8 $16) 41... Rd7 $2 (41... Rxc5 42. Rxb7+ Ka8 43. Rxf7 Rc6) 42. c6 {[%emt 0:01:57][%cal Bc5c6,Bc6c7][%mdl 32] White is clearly winning.} Rxd6 43. Rxb7+ Ka8 44. c7 {[%emt 0:00:05] Weighted Error Value: White=0.23 (precise) /Black=0.40} 1-0

[Event "Charlotte Summer IM C 2022"]
[Site "Charlotte"]
[Date "2022.07.25"]
[Round "1.4"]
[White "Xie, Bryan"]
[Black "Arjun, Vishnuvardhan"]
[Result "0-1"]
[ECO "B06"]
[WhiteElo "2191"]
[BlackElo "2273"]
[Annotator "TA"]
[PlyCount "96"]
[EventDate "2022.07.24"]
[EventType "tourn"]
[EventCountry "USA"]
[SourceTitle "playchess.com"]
[Source "ChessBase"]
[SourceQuality "1"]
[TimeControl "5400+30"]

1. e4 {[%emt 0:00:18] Erenburg,S} g6 2. d4 Bg7 3. Nf3 d6 4. Nc3 a6 5. a4 Bg4 6. Be2 Nc6 7. Be3 (7. d5 $5 Bxf3 8. Bxf3 $14 (8. gxf3 Nd4 $11)) 7... e5 {[%emt 0:01:21] Strongly threatening ...Bxf3. B06: Modern Defence.} 8. dxe5 {[%emt 0:04:41] 8.dxe5 scores better than 8.d5.} Bxf3 9. Bxf3 Nxe5 {[%emt 0:00:06] White is slightly better.} 10. Be2 Ne7 11. O-O f5 (11... Qd7 $14) 12. Bg5 {[%emt 0:09:25] [#] Threatens to win with Nd5.} O-O $146 ({Predecessor:} 12... Qd7 13. Bxe7 Qxe7 14. Nd5 Qf7 15. f4 Nc6 16. Bc4 Bd4+ 17. Kh1 Qg7 18. c3 Bf6 19. exf5 {1-0 (48) Sevillano,E (2490)-Minasian,A (2571) Los Angeles 2003 CBM 097 [Erenburg,S]}) 13. Nd5 N5c6 14. Bc4 Kh8 15. Re1 Qd7 16. e5 {[%emt 0:05:06][%cal Od5c7] And now Nxc7! would win.} Nxd5 17. e6 Qe8 18. Qxd5 Bf6 {[%emt 0:00:47] Inhibits e7.} 19. Bh6 $36 {[%emt 0:18:34][%mdl 2048] White is on the roll.} Bg7 20. e7 Bxh6 21. exf8=Q+ Qxf8 22. Bb3 Bg7 23. c3 Be5 24. g3 g5 {[%emt 0:00:25] Prevents f4.} 25. Qf7 (25. a5 $142) 25... Qxf7 $16 26. Bxf7 Rf8 27. Bd5 Nd8 28. f4 gxf4 29. gxf4 Bxf4 30. Re7 c6 31. Bb3 {[%emt 0:00:00][%mdl 1024] White has strong compensation.} Bg5 32. Rd7 Be3+ {[%emt 0:01:07] [#]} 33. Kg2 ({White should play} 33. Kf1 $1 $18) 33... d5 34. Bc2 f4 35. Rxh7+ Kg8 36. Kf3 (36. Rd7 $16) 36... Nf7 $14 {[%emt 0:00:40] ...Ng5+ is the strong threat.} 37. Rh5 {[%emt 0:00:41] Inhibits Ng5+.} (37. Ke2 $14) 37... Kg7 38. h4 Kf6 39. Rf5+ Ke6 40. Ke2 $2 (40. Rh1 $11 {and White is okay.}) 40... Rg8 $19 {[%emt 0:01:00] aiming for ...Rg2+.} 41. Bd3 $2 (41. Rxf7 {was the crucial defense.} Kxf7 42. Bf5) 41... Rg2+ {[%emt 0:09:19][%mdl 64] [#] Skewer} 42. Kf3 Rf2+ 43. Kg4 Nh6+ 44. Kg5 f3+ 45. Kg6 Nxf5 46. Bxf5+ Ke5 {[%emt 0:00:00] White must now prevent ...Rg2+.} 47. Bd3 Rg2+ 48. Kf7 Rh2 {[%emt 0:00:00] Weighted Error Value: White=0.33/Black=0.10 (very precise)} 0-1

[Event "Charlotte Summer IM C 2022"]
[Site "Charlotte"]
[Date "2022.07.25"]
[Round "1.5"]
[White "Adewumi, Tanitoluwa"]
[Black "Girones Barrios, Yans Richard"]
[Result "1-0"]
[ECO "A46"]
[WhiteElo "2309"]
[BlackElo "2412"]
[Annotator "TA"]
[PlyCount "101"]
[EventDate "2022.07.24"]
[EventType "tourn"]
[EventCountry "USA"]
[SourceTitle "playchess.com"]
[Source "ChessBase"]
[SourceQuality "1"]
[TimeControl "5400+30"]

1. d4 Nf6 2. Nf3 e6 3. Bf4 c5 4. e3 Nc6 5. Nbd2 Be7 6. h3 {[%emt 0:00:30] A46: 1 d4 Nf6 2 Nf3 e6: Torre, London and Colle Systems.} O-O 7. c3 d6 8. Bd3 {[%emt 0:00:30] White is slightly better.} e5 9. Bh2 exd4 10. exd4 cxd4 11. cxd4 {[%emt 0:00:00] [#]} Nb4 $146 ({Predecessor:} 11... Be6 12. O-O Nb4 13. Bc4 d5 14. Bb3 Rc8 15. Ne5 Qb6 16. Ndf3 Ne4 17. a3 Nc6 18. Bxd5 Bxd5 19. Nd7 Qxb2 {½-½ (19) Ong,A (1361)-Campani,P (1450) ICCF email 2018}) 12. Bb1 Be6 13. O-O Re8 14. Ng5 Bd5 15. a3 h6 16. Nge4 (16. Nxf7 $5 Bxf7 17. axb4 $14) 16... Nxe4 17. Nxe4 Bxe4 18. Bxe4 d5 19. Bf3 {[%emt 0:01:30] This bishop pair is nice.} ({Of course not} 19. axb4 dxe4 20. d5 Qb6) 19... Nc6 20. Re1 Bf6 21. Rxe8+ Qxe8 22. Bxd5 Rd8 23. Qh5 Bxd4 24. Bg3 Bxb2 (24... Qd7 $5 25. Bxc6 Qxc6 $15) 25. Rb1 Qd7 26. Rxb2 ({Much worse is} 26. Bxc6 Qxc6 27. Qa5 Ra8 $1 $15) 26... Qxd5 27. Qxd5 Rxd5 28. Rxb7 $11 {[%mdl 4096] Endgame KRB-KRN} Rd1+ 29. Kh2 Rd3 30. Rc7 Rc3 31. Bd6 a6 32. f3 Rc2 33. Kg3 g5 34. Kg4 {[%emt 0:01:00] And now Kh5 would win.} Rc4+ (34... Rxg2+ $2 35. Kh5 Rc2 36. Kxh6 $18) 35. Kf5 $1 Kg7 (35... Nd4+ $1 $14 36. Ke5 Rxc7 37. Bxc7 Nc2) 36. g3 ({White should try} 36. a4 $1 $16) 36... Nd4+ 37. Ke4 Rxc7 (37... Nb5+ $11 38. Rxc4 Nxd6+ 39. Kd5 Nxc4 40. Kxc4 Kf6) 38. Bxc7 {[%emt 0:00:00] KB-KN} Nb5 $2 {[%emt 0:00:00][%mdl 8192] [#]} (38... Nb3 $16) 39. Be5+ $1 $18 f6 40. Bb2 Nd6+ 41. Kd5 Nf5 42. Kc5 Nxg3 43. Kb6 Nf1 $2 (43... Nf5 44. Kxa6 Kf7) 44. Kxa6 {[%emt 0:00:00] a4 is the strong threat.} Nd2 45. Kb5 {[%emt 0:00:00] Against Nc4} (45. a4 $18 {Hoping for Kb5.} Kf7 46. Bc1) 45... Nxf3 $2 (45... Kf7 $11) 46. a4 h5 47. a5 {[%emt 0:00:00] Intending a6 and mate.} g4 48. hxg4 h4 {[%emt 0:01:54] [#]} 49. Bc1 $1 ({Worse is} 49. a6 h3 50. a7 h2 $11) 49... Nd4+ 50. Kb6 h3 51. Bf4 {[%emt 0:00:00] Weighted Error Value: White=0.27 (precise) /Black=0.49} 1-0

[Event "Charlotte Summer IM C 2022"]
[Site "Charlotte"]
[Date "2022.07.25"]
[Round "2.1"]
[White "Huston, Gus"]
[Black "Girones Barrios, Yans Richard"]
[Result "1/2-1/2"]
[ECO "C46"]
[WhiteElo "2282"]
[BlackElo "2412"]
[Annotator "TA"]
[PlyCount "93"]
[EventDate "2022.07.24"]
[EventType "tourn"]
[EventCountry "USA"]
[SourceTitle "playchess.com"]
[Source "ChessBase"]
[SourceQuality "1"]
[TimeControl "5400+30"]

1. e4 e5 2. Nf3 Nc6 3. Nc3 Nge7 4. Bc4 Ng6 {[%emt 0:00:00] [#]} 5. Nd5 $146 ({Predecessor:} 5. d4 Bb4 6. Bg5 Be7 7. Bxe7 Qxe7 8. Nd5 Qd8 9. h4 exd4 10. Nxd4 Nge5 11. Bb3 {0-1 (30) Postnikov,D (2360)-Jaracz,P (2459) Chess.com INT 2022}) 5... Na5 6. d3 {[%emt 0:01:08] C46: 3 Nc3: Unusual Black 3rd moves.} (6. Be2 $14) 6... c6 $15 7. Ne3 d5 8. exd5 {[%emt 0:01:19] Black is slightly better.} b5 9. Bb3 Nxb3 10. axb3 cxd5 11. c4 (11. c3 $15) 11... d4 $36 {[%emt 0:00:00][%mdl 2048] Black is really pushing.} 12. Nd5 Bb7 13. h4 Bxd5 14. cxd5 Qxd5 15. h5 Bb4+ 16. Kf1 Ne7 17. h6 g6 18. Bg5 Qd6 {[%emt 0:00:00] Inhibits Bf6.} 19. Bxe7 Qxe7 ({Inferior is} 19... Kxe7 20. Qe2 f6 21. g4 $15) 20. Qe2 f6 21. Qe4 Rc8 22. g3 a5 23. Kg2 O-O 24. Rac1 Qd7 {[%emt 0:00:00] Inhibits Qd5+.} 25. g4 Rce8 26. Rc2 f5 (26... Re6 $19 {Strongly threatening ...f5.} 27. Rh3 Re7) 27. gxf5 $1 $15 Rxf5 28. Rhc1 $1 {[%emt 0:09:13] Rc7 is the strong threat.} Rh5 {[%emt 0:00:00] ( -> ...Qh3+)} 29. Kf1 ({White should try} 29. Rh1 $1 $15 Rf5 30. Rh3) 29... Rf8 ({Black should play} 29... Bf8 $17 30. Rc7 Qf5 31. Qd5+ Qe6 32. Qxe6+ Rxe6) 30. Rc7 $1 $11 Qf5 (30... Rh1+ $2 31. Ke2 Re1+ 32. Nxe1 $18) 31. Qxf5 {[%emt 0:03:04] The board is on fire.} Rfxf5 (31... Rhxf5 $2 32. Rg7+ Kh8 33. Rcc7 $1 $18) 32. Kg2 (32. Rg7+ $11 Kh8 33. Rc8+ Rf8 34. Rxf8+ Bxf8 35. Ra7) 32... Rxh6 33. R1c6 (33. Rb7 $15) 33... Bf8 (33... Rhh5 $17 {White must now prevent ...Rf4.} 34. Rb6 Rf7 35. Rxf7 Kxf7 36. Rxb5 Ke6) 34. Re6 Rhh5 35. Nd2 Rf7 36. Rc8 (36. Rxf7 $142 Kxf7 37. Rb6) 36... Rg5+ 37. Kf1 Rgf5 (37... Rg3 $142 $1 38. Ke2 Rg1 39. Rxe5 Kg7) 38. Ne4 $17 Kg7 39. Rb6 b4 40. Rb5 {[%emt 0:00:34] [#]} (40. Ra6 $15) 40... h5 (40... Ra7 $1 $17) 41. Rc6 $11 Rf4 42. Rxe5 h4 43. Rg5 R7f5 44. Rgxg6+ Kf7 45. Kg2 Be7 $1 46. Rh6 {[%emt 0:04:44] And now Rh7+ would win.} Kg7 {[%emt 0:00:00] Prevents Rh7+.} 47. Rcg6+ {[%emt 0:00:00] Weighted Error Value: White=0.18 (very precise) /Black=0.19 (very precise)} 1/2-1/2

[Event "Charlotte Summer IM C 2022"]
[Site "Charlotte"]
[Date "2022.07.25"]
[Round "2.2"]
[White "Arjun, Vishnuvardhan"]
[Black "Adewumi, Tanitoluwa"]
[Result "0-1"]
[ECO "A25"]
[WhiteElo "2273"]
[BlackElo "2309"]
[Annotator "TA"]
[PlyCount "122"]
[EventDate "2022.07.24"]
[EventType "tourn"]
[EventCountry "USA"]
[SourceTitle "playchess.com"]
[Source "ChessBase"]
[SourceQuality "1"]
[TimeControl "5400+30"]

1. c4 e5 2. g3 Nc6 3. Bg2 g6 4. Nc3 Bg7 5. e3 d6 6. Nge2 Nf6 7. O-O O-O 8. h3 {[%emt 0:00:51] A25: English Opening vs King's Indian with ...Nc6 but without early d3.} Be6 9. Nd5 Ne7 {[%emt 0:00:22][%cal Re7d5] [#]} 10. Nec3 $146 {[%emt 0:02:35] The position is equal.} ({Predecessor:} 10. Nxe7+ Qxe7 11. b3 Qd7 12. Kh2 d5 13. d4 exd4 14. Nxd4 dxc4 15. Ba3 Rfd8 16. Bxb7 Bxh3 17. Bxa8 Bxf1 18. Qxf1 Rxa8 19. Qxc4 {0-1 (26) Kosten,A (2402)-Fitzsimons,D (2317) Dublin 2020}) 10... c6 11. Nxf6+ Bxf6 12. d3 Qd7 ({Black should play} 12... Bg7 $15) 13. Kh2 (13. Ne4 $5 Bg7 14. Ng5 $11) 13... d5 14. Qe2 Rad8 15. Rd1 Bg7 16. b3 f5 17. Bb2 Rf7 18. Na4 b6 19. f4 Qc7 (19... g5 $5) 20. Bxe5 Bxe5 21. fxe5 Qxe5 22. Qb2 Qd6 ({Don't play} 22... Qxe3 23. Re1 Qg5 24. Rxe6 $16) 23. c5 bxc5 24. Qa3 (24. Rac1 $15) 24... d4 ({Better is} 24... g5 {Strongly threatening ...h5.} 25. Qxc5 Qc7) 25. Qxc5 $17 dxe3 26. Re1 f4 ({Resist} 26... Qxd3 27. Rxe3 Qd6 28. Rae1 $11) 27. Qxd6 Rxd6 28. gxf4 Rxf4 29. Rxe3 Nf5 30. Re5 Rf2 31. Kg1 Rc2 32. Nc5 (32. Rf1 $1 $15) 32... Bd5 $36 {[%emt 0:05:13][%mdl 2048] White is under strong pressure. Black is more active.} 33. Bxd5+ cxd5 34. b4 Kg7 35. a3 h5 36. Rf1 Rc3 37. a4 a5 38. Nb7 ({Avoid the trap} 38. Ne6+ $2 Kf6 39. Rfe1 axb4 $19) (38. Re6 $17 {might work better.} axb4 39. Rxd6 Nxd6 40. Ne6+ Kh7 41. Rb1) 38... Rb6 $19 39. Nxa5 Rxb4 40. Rxd5 Rxa4 41. Rf2 $2 {[%emt 0:00:00][%mdl 8192] Now White is beyond hope.} (41. Nc4 $17) 41... Ra1+ 42. Kh2 Rcc1 {[%emt 0:00:34] [#] And now ...Rh1+ would win.} 43. Rd7+ Kh6 44. Nc4 Rh1+ 45. Kg2 Rag1+ 46. Kf3 Rxh3+ 47. Kf4 Rgg3 48. Rd2 Rh4+ 49. Ke5 Kg5 50. Ke6 (50. d4 $142) 50... Nd4+ 51. Ke7 Rf4 {[%emt 0:02:01] [#] aiming for ...h4.} 52. Rd5+ $2 (52. Nd6 Kh6 53. Ne4 Nf5+ 54. Ke6) 52... Nf5+ 53. Kf7 $2 (53. Ke6 {was called for.}) 53... Kh6 54. Ke8 h4 55. Ne5 h3 {[%emt 0:01:30] Threatens to win with ...Rg2.} 56. Rh2 Rh4 57. Nf7+ (57. Kf7 $142 Kg5 58. Rc5) 57... Kg7 {[%emt 0:00:53] White must now prevent ...Re3+.} 58. Rd7 Kf6 {[%emt 0:00:46] ...Rg2 is the strong threat.} 59. Kf8 Rg2 60. Rh1 Ra2 61. Rd8 Ra7 {[%emt 0:00:00] Weighted Error Value: White=0.66/Black=0.16 (very precise)} 0-1

[Event "Charlotte Summer IM C 2022"]
[Site "Charlotte"]
[Date "2022.07.25"]
[Round "2.3"]
[White "Rodriguez Rivera, Pedro"]
[Black "Xie, Bryan"]
[Result "1/2-1/2"]
[ECO "A47"]
[WhiteElo "2192"]
[BlackElo "2191"]
[Annotator "TA"]
[PlyCount "87"]
[EventDate "2022.07.24"]
[EventType "tourn"]
[EventCountry "USA"]
[SourceTitle "playchess.com"]
[Source "ChessBase"]
[SourceQuality "1"]
[TimeControl "5400+30"]

1. d4 Nf6 2. Nf3 e6 3. e3 b6 4. Bd3 Bb7 5. Nbd2 c5 6. O-O Be7 7. c3 Nc6 8. Ne5 {[%emt 0:05:54] A47: 1 d4 Nf6 2 Nf3 b6: Torre, London and Colle Systems.} O-O 9. Qe2 Qc7 {[%emt 0:06:48] [#]} 10. Nxc6 $146 ({Predecessor:} 10. f4 g6 11. e4 cxd4 12. Nxc6 dxc6 13. cxd4 c5 14. dxc5 Qxc5+ 15. Kh1 Rfd8 16. e5 Nd5 17. Nb3 Qc8 18. Bd2 {0-1 (34) Dunn,A (2205)-Ward,C (2522) Catalan Bay 2004}) 10... dxc6 11. Ne4 cxd4 (11... Nxe4 {looks sharper.} 12. Bxe4 Rfd8 13. b3 cxd4 14. cxd4 a5) 12. exd4 (12. Nxf6+ {is more complex.} Bxf6 13. exd4 c5 14. dxc5 bxc5 15. Be3) 12... c5 13. dxc5 (13. Nxf6+ {is interesting.} Bxf6 14. dxc5 bxc5 15. Be3) 13... Nxe4 (13... Bxc5 {leads to mate.} 14. Nxf6+ gxf6 15. Qg4+ Kh8 16. Qh4) (13... bxc5 {with more complications.} 14. Nxf6+ Bxf6 15. Be3 Rfd8) 14. Bxe4 Bxc5 15. Bxb7 Qxb7 16. Be3 Qe4 17. Rfe1 Bxe3 18. Qxe3 Qxe3 19. Rxe3 $11 {[%emt 0:00:03][%mdl 4096] Endgame KRR-KRR} Rad8 20. Re2 Rd3 21. f3 Rfd8 22. Kf2 Kf8 23. Rae1 b5 24. Re5 a6 25. R1e2 Ke7 26. a4 Rb8 27. axb5 axb5 28. Rc2 Kd6 29. Rg5 g6 30. Ke2 Rd5 31. Rxd5+ exd5 {[%emt 0:02:06] KR-KR} 32. Rd2 Kc5 33. Rd4 Ra8 34. Ke3 Ra2 35. Rd2 {[%emt 0:00:00] [#] Strongly threatening b4+.} Ra4 36. Kd3 Ra1 37. Re2 Rd1+ 38. Kc2 Rf1 39. Kb3 h5 40. Re5 Rf2 41. Rg5 Kd6 42. h4 Ke6 43. Ka3 Kd6 44. Kb3 {[%emt 0:00:00] A balanced but interesting game.  Weighted Error Value: White=0.03 (flawless) /Black=0.03 (flawless)} 1/2-1/2

[Event "Charlotte Summer IM C 2022"]
[Site "Charlotte"]
[Date "2022.07.25"]
[Round "2.4"]
[White "Wen, Tommy"]
[Black "Luo, Terry"]
[Result "1/2-1/2"]
[ECO "C75"]
[WhiteElo "2040"]
[BlackElo "2204"]
[Annotator "TA"]
[PlyCount "80"]
[EventDate "2022.07.24"]
[EventType "tourn"]
[EventCountry "USA"]
[SourceTitle "playchess.com"]
[Source "ChessBase"]
[SourceQuality "1"]
[TimeControl "5400+30"]

1. e4 e5 2. Nf3 Nc6 3. Bb5 a6 4. Ba4 Nge7 5. O-O Ng6 6. c3 d6 7. d4 Bd7 8. Be3 Be7 9. Nbd2 h6 {[%emt 0:11:41] C75: Ruy Lopez: Deferred Steinitz: 5 c3 Bd7 6 d4 without ...g6.} 10. Re1 Bg5 11. Nf1 Qf6 {[%emt 0:11:19] White is slightly better.} 12. Qd2 Nf4 {[%emt 0:04:46] [#]} 13. d5 $146 ({Predecessor:} 13. Bxf4 Bxf4 14. Ne3 O-O-O 15. b4 Kb8 16. Qb2 Bxe3 17. Bxc6 Bxf2+ 18. Qxf2 Bxc6 19. d5 {1-0 (60) Bueno Perez,J (2063)-Ramos Galindo,L (2158) Santa Clara 2011}) 13... Nb8 {[%emt 0:00:54] [#]} 14. Bxd7+ ({Reject} 14. Nxg5 hxg5 15. Bd1 Qh6 $11) (14. Bd1 $1 $16) 14... Nxd7 $14 15. Bxf4 Bxf4 16. Qe2 {[%emt 0:00:45] aiming for g3.} h5 17. b4 O-O 18. c4 a5 19. a3 g6 20. N1d2 Bxd2 21. Nxd2 Ra7 22. Nb3 axb4 23. axb4 Rfa8 24. Rxa7 Rxa7 25. c5 Ra3 26. Qb2 Ra4 27. Qc3 Ra2 28. Rf1 c6 29. cxd6 Qxd6 30. Na5 cxd5 31. Nxb7 Qb8 (31... Qa6 $5 32. Nd8 (32. Qc8+ Nf8 $17) 32... Qa8 $11) 32. Qc6 {[%emt 0:01:04] The position is equal.} Ra7 33. Qxd7 {[%emt 0:00:20] [#] Threatens to win with Qd8+.} Rxb7 34. Qxd5 Rxb4 $11 {[%emt 0:00:08][%mdl 4096] Endgame KQR-KQR} 35. h3 Rd4 36. Qc6 Kg7 37. Re1 Qb4 38. Re3 h4 39. Rf3 {[%emt 0:01:07] And now Qf6+ would win.} Qe7 {[%emt 0:04:29] Prevents Qf6+.} 40. Kh2 Rd6 {[%emt 0:02:10] Weighted Error Value: White=0.07 (flawless) /Black=0.05 (flawless)} 1/2-1/2